 Dungeon Crawl Stone Soup version 0.31.0-11-ge490571c62 (webtiles) character file.

Game seed: 6527529956467499580

4147 hawla the Conjurer (level 10, -5/81 HPs)
             Began as a Red Draconian Conjurer on Feb 8, 2024.
             Slain by a seven-headed hydra (15 damage)
             ... on level 8 of the Dungeon.
             The game lasted 00:28:42 (11647 turns).

hawla the Conjurer (Red Draconian Conjurer)        Turns: 11647, Time: 00:28:42

Health: -5/81      AC:  7    Str:  9    XL:     10   Next: 7%
Magic:  8/16       EV: 12    Int: 23    God:
Gold:   450        SH: 11    Dex: 10    Spells: 6/17 levels left

rFire   . . .        u - +1 trident (venom)
rCold   + . .        k - +1 buckler
rNeg    . . .        (body armour unavailable)
rPois   +            (helmet restricted)
rElec   .            (no cloak)
rCorr   .            (no gloves)
SInv    .            (no boots)
Will    .....        c - amulet of reflection
Stlth   ++           s - ring of poison resistance
HPRegen 0.33/turn    e - ring of ice
MPRegen 0.15/turn

%: reflection
@: very slightly contaminated
A: breathe fire, AC +7, unfitting armour, fire resistance 1, cold-blooded,
antennae 1, wild magic 1
a: Breathe Fire


You were on level 8 of the Dungeon.
You visited 2 branches of the dungeon, and saw 9 of its levels.
You also visited: Ossuary.

You collected 450 gold pieces.

Inventory:

Hand Weapons
 q - a +3 dagger
 u - a +1 trident of venom (weapon)
Armour
 k - a +1 buckler (worn)
Magical Staves
 z - a staff of death
Jewellery
 c - an amulet of reflection (around neck)
 d - an amulet of regeneration
 e - a ring of ice (right hand)
 f - a ring of fire
 s - a ring of poison resistance (left hand)
Wands
 h - a wand of acid (4)
 t - a wand of mindburst (1)
Scrolls
 a - a scroll of fog
 b - 3 scrolls of immolation
 j - 2 scrolls of torment
 p - a scroll of summoning {unknown}
 w - a scroll of enchant armour
 x - a scroll of teleportation
Potions
 g - 2 potions of lignification
 i - 4 potions of curing
 l - a potion of magic
 m - a potion of haste
 n - 2 potions of might
 o - 2 potions of enlightenment
Miscellaneous
 v - a tin of tremorstones (2/2)
 y - a lightning rod (3/4)


   Skills:
 - Level 5.0 Fighting
 - Level 3.1 Polearms
 - Level 5.0 Dodging
 - Level 3.0 Stealth
 - Level 5.0 Shields
 - Level 2.0 Unarmed Combat
 - Level 4.0 Spellcasting
 + Level 7.5 Conjurations
 - Level 3.0 Translocations
 - Level 3.0 Alchemy
 - Level 6.0 Evocations


You had 6 spell levels left.
You knew the following spells:

 Your Spells              Type           Power      Damage    Failure   Level
a - Magic Dart            Conj           100%       1d8       1%          1
b - Searing Ray           Conj           100%       2d8       2%          2
c - Iskenderun's Mystic   Conj/Tloc      37%        2d9       24%         4
d - Fulminant Prism       Conj/Alch      18%        3d10      24%         4

Your spell library contained the following spells:

 Spells                   Type           Power      Damage    Failure   Level
 Lesser Beckoning         Tloc           46%        N/A       11%         2
 Gell's Gravitas          Tloc           23%        N/A       19%         3
 Teleport Other           Tloc           23%        N/A       19%         3
 Scorch                   Fire           10%        2d5       30%         2
 Flame Wave               Conj/Fire      28%        2d9       41%         4
 Summon Cactus Giant      Summ           2%         N/A       100%        6


Dungeon Overview and Level Annotations

Branches:
Dungeon (8/15)             Temple (1/1) D:7         Ossuary (visited)
   Lair: D:8-11

Altars:
Ashenzari
Cheibriados
Dithmenos
Elyvilon
Fedhas
Gozag
Hepliaklqana
Kikubaaqudgha
Makhleb
Nemelex Xobeh
Okawaru
Qazlal
Ru
Sif Muna
Trog
Uskayaw
Wu Jian
Xom
Yredelemnul
Zin
The Shining One


Innate Abilities, Weirdness & Mutations

You can breathe blasts of fire.
Your fiery red scales are hard. (AC +7)
You cannot fit into any form of body armour.
Your flesh is heat resistant. (rF+)
You are cold-blooded and may be slowed by cold attacks.
You have a pair of small antennae on your head.
Your spells are a little harder to cast, but a little more powerful.


Message History

The bolt of acid hits the seven-headed hydra!
The seven-headed hydra seems to be corroded for longer.
The seven-headed hydra is heavily wounded.
The bolt of acid hits the deep elf pyromancer!
The deep elf pyromancer is lightly wounded.
Aiming: Thunderbolt
Press: ? - help, Shift-Dir - straight line, f/p - seven-headed hydra
Aim: a seven-headed hydra (heavily wounded, covered in acid)
The thunderbolt hits the seven-headed hydra!!
The seven-headed hydra is severely wounded.
You hear a shout!
You hear an angry buzzing noise.
Unknown command.
Casting: Searing Ray (safe; 2% risk of failure)
Confirm with . or Enter, or press ? or * to list all spells.
You miscast Iskenderun's Mystic Blast.
You are very lightly contaminated with residual magic.
Nothing appears to happen.
A queen bee comes into view.
You block the seven-headed hydra's attack.
The seven-headed hydra barely misses you.
The seven-headed hydra bites you.
You block the seven-headed hydra's attack.
The seven-headed hydra bites you!
* * * LOW HITPOINT WARNING * * *
The seven-headed hydra barely misses you. x2
Casting: Iskenderun's Mystic Blast (dangerous; 24% risk of failure)
Confirm with . or Enter, or press ? or * to list all spells.
You erupt in a blast of force!
The mystic blast hits the deep elf pyromancer!
The deep elf pyromancer is moderately wounded.
The deep elf pyromancer is knocked back by the mystic blast.
The deep elf pyromancer slams into the stone wall!
The deep elf pyromancer is heavily wounded.
The mystic blast hits the seven-headed hydra!
The seven-headed hydra is almost dead.
The deep elf pyromancer casts a spell.
The deep elf pyromancer blinks!
The seven-headed hydra bites you!
* * * LOW HITPOINT WARNING * * *
The seven-headed hydra bites you!
You die...

#..###.###.....# ##......
#.....##...## #.......
#.#####.##..# #....... #.
#e.e##.##.## #....... #.
#.###y##.#..# #....... #
{##[#.#..# ##......
#ยง##...########..... #
{##D##.......#####... #.
##@#............... #. {
##.##...............
#.#####.##..........##....
#.....##............#####
###.###.............## #
##.#.#.##.............##
##.#.#.#.##..........>..#
####.#.#.#.#.##.##........##
#
##.#.#.#.#.#.#.#.####......#
##


You could see a seven-headed hydra (corroded), a deep elf pyromancer and a queen
bee.

Vanquished Creatures
  A two-headed ogre (D:8)
  The ghost of ShellytheWitch the Slicer, a novice KoBr of Dithmenos (D:7)
  The ghost of Arctor the Thaumaturge, a novice DEFE of Sif Muna (D:7)
  Menkaure (D:6)
  Pargi (D:3)
  2 ice beasts (D:8)
  3 black bears
  3 phantoms
  A weeping skull (Ossuary)
  Blork the orc (D:6)
  2 bullfrogs (D:8)
  2 gnoll sergeants
  8 water moccasin zombies (Ossuary)
  3 bombardier beetles
  3 hounds
  2 jellies
  An orc priest (D:7)
  Terence (D:3)
  A gnoll bouda (D:5)
  6 iguanas
  2 orc wizards
  2 crocodile zombies (Ossuary)
  2 mummies (Ossuary)
  Robin (D:3)
  9 gnolls
  7 adders
  A shadow imp (D:7)
  A white imp (D:5)
  2 adder zombies (Ossuary)
  4 dart slugs
  5 ribbon worms
  20 orcs
  6 bats
  7 endoplasms
  5 giant cockroaches
  12 goblins
  7 hobgoblins
  9 jackals
  7 kobolds
  6 quokkas
  4 ball pythons
  5 frilled lizards
  4 gnoll zombies (Ossuary)
  4 jackal zombies (Ossuary)
  3 orc zombies (Ossuary)
  3 rats
182 creatures vanquished.

Vanquished Creatures (others)
  A bombardier beetle (D:3)
  An endoplasm (D:3)
2 creatures vanquished.

Grand Total: 184 creatures vanquished

Notes
Turn   | Place    | Note
-------+----------+-------------------------------------------
     0 | D:1      | hawla the Draconian Conjurer began the quest for the Orb.
     0 | D:1      | Reached XP level 1. HP: 14/14 MP: 3/3
   211 | D:1      | Reached XP level 2. HP: 20/20 MP: 3/5
   214 | D:1      | Learned a level 2 spell: Searing Ray
  1246 | D:2      | Reached skill level 1 in Unarmed Combat
  1246 | D:2      | Reached XP level 3. HP: 22/27 MP: 1/6
  1363 | D:2      | Reached skill level 1 in Fighting
  2020 | D:2      | Reached XP level 4. HP: 36/36 MP: 4/7
  2977 | D:3      | Noticed Terence
  2991 | D:3      | Killed Terence
  3206 | D:4      | Reached XP level 5. HP: 44/44 MP: 3/8
  3464 | D:4      | Found a shimmering blue altar of Sif Muna.
  3579 | D:4      | Found a sand-covered staircase.
  3596 | Ossuary  | Entered an ossuary
  3605 | Ossuary  | Learned a level 4 spell: Iskenderun's Mystic Blast
  3769 | Ossuary  | Reached XP level 6. HP: 41/52 MP: 2/9
  3981 | Ossuary  | Gained mutation: You have a pair of small antennae on your
                  | head. [potion of mutation]
  3981 | Ossuary  | Gained mutation: Your spells are a little harder to cast,
                  | but a little more powerful. [potion of mutation]
  4229 | Ossuary  | Reached skill level 5 in Fighting
  4241 | Ossuary  | Reached skill level 5 in Dodging
  4241 | Ossuary  | Your scales start taking on a fiery red colour.
  4241 | Ossuary  | Reached XP level 7. HP: 20/61 MP: 2/10
  4241 | Ossuary  | Gained mutation: Your flesh is heat resistant. (rF+) [Red
                  | Draconian growth]
  4416 | Ossuary  | Reached skill level 1 in Translocations
  5181 | D:5      | Entered Level 5 of the Dungeon
  5394 | D:3      | Found a broken altar of Ashenzari.
  5395 | D:3      | Found a shadowy altar of Dithmenos.
  5784 | D:3      | Noticed Pargi
  5813 | D:3      | Killed Pargi
  5959 | D:3      | Reached XP level 8. HP: 68/68 MP: 9/13
  5973 | D:3      | Noticed Robin
  5993 | D:3      | Killed Robin
  5994 | D:3      | Reached skill level 1 in Shields
  6279 | D:3      | Found a faded altar of an unknown god.
  6472 | D:5      | Identified the +3 leather armour of Grace {rC+}
  7535 | D:5      | Reached skill level 5 in Shields
  7991 | D:6      | Noticed Blork the orc
  8006 | D:5      | Reached skill level 1 in Evocations
  8171 | D:6      | Killed Blork the orc
  8914 | D:6      | Reached XP level 9. HP: 69/74 MP: 3/15
  8919 | D:6      | Learned a level 4 spell: Fulminant Prism
  9070 | D:6      | Noticed Menkaure
  9074 | D:6      | Killed Menkaure
  9075 | D:6      | Reached skill level 5 in Evocations
  9686 | D:7      | Found a runed translucent gate.
  9686 | D:7      | Found a runed translucent gate.
  9686 | D:7      | Found a runed translucent gate.
  9692 | D:7      | Noticed ShellytheWitch's ghost (novice KoBr)
  9692 | D:7      | Noticed Arctor's ghost (novice DEFE)
  9765 | D:7      | Found a basalt altar of Yredelemnul.
  9795 | D:7      | Found a staircase to the Ecumenical Temple.
  9810 | Temple   | Entered the Ecumenical Temple
  9964 | D:7      | Noticed a +0 dagger
  9964 | D:7      | Noticed a +0 hand axe
  9966 | D:7      | Found a hide-covered altar of Uskayaw.
 10410 | D:7      | Reached skill level 1 in Alchemy
 10800 | D:7      | Killed ShellytheWitch's ghost
 10801 | D:7      | Reached skill level 5 in Conjurations
 10805 | D:7      | Killed Arctor's ghost
 10806 | D:7      | Reached skill level 6 in Conjurations
 11266 | D:8      | Reached skill level 1 in Polearms
 11403 | D:8      | Noticed a two-headed ogre
 11418 | D:8      | Killed a two-headed ogre
 11419 | D:8      | Reached skill level 7 in Conjurations
 11419 | D:8      | Reached XP level 10. HP: 30/81 MP: 1/16
 11636 | D:8      | Noticed a seven-headed hydra
 11639 | D:8      | Noticed a deep elf pyromancer
 11647 | D:8      | Slain by a seven-headed hydra

Illustrated notes

Levels and vault maps discovered:
D:1:      spicycebolla_green_bress_n_ham_2, layout_basic, st_stairs_10,
          minmay_misc_feat_hallway
D:2:      layout_loops_corners, minmay_increasing_density
D:3:      layout_basic, gammafunk_temple_overflow_statue,
          dilly_ecumenical_altar_fadedgnrine, lemuel_flame_loot_1, uniq_terence,
          uniq_robin, uniq_pargi
D:4:      layout_basic, lemuel_blue_sif_altar, nicolae_ossuary_entry_ruins
D:5:      layout_loops_corners
D:6:      layout_basic, uniq_blork_the_orc, uniq_menkaure
D:7:      black_bear_nest_1, layout_cave_pods, yredelemnul_altar_generic,
          dancing_weapons_uskayaw, temple_green, enter_bailey_8,
          gammafunk_ghost_cemetery
D:8:      minmay_the_grid_octo_2x2 [minmay_the_grid_octo_checkered,
          minmay_the_grid_octo_clover_2, minmay_the_grid_octo_checkerflower,
          minmay_the_grid_octo_prize_single_spiral], layout_cave_pods,
          uniq_prince_ribbit1
Temple:   compressed_dpeg_triangle_lava_temple

Skill      XL: |  1  2  3  4  5  6  7  8  9 |
---------------+----------------------------+-----
Stealth        | 2 3 |  3.0
Unarmed Combat | 1 2 |  2.0
Dodging        | 2 3 5 |  5.0
Fighting       | 1 2 3 5 |  5.0
Translocations | 3 |  3.0
Spellcasting   | 3 4 |  4.0
Shields        | 5 |  5.0
Evocations     | 4 6 |  6.0
Alchemy        | 3 |  3.0
Conjurations   | 7 |  7.5
Polearms       | 3 |  3.1

Action                     |  1- 3 |  4- 6 |  7- 9 | 10-12 || total
---------------------------+-------+-------+-------+-------++-------
  Melee: Unarmed           |    29 |   135 |   192 |       ||   356
         Tailslap          |     4 |    20 |    60 |     2 ||    86
         Punch             |     1 |     1 |       |       ||     2
         Dagger            |       |       |   145 |       ||   145
         Trident           |       |       |    37 |    10 ||    47
   Cast: Magic Dart        |    62 |    20 |    63 |       ||   145
         Searing Ray       |     7 |    17 |    52 |       ||    76
         Iskenderun's Myst |       |     1 |    14 |     1 ||    16
Ability: Breathe Fire      |       |       |     2 |       ||     2
  Evoke: Wand              |       |       |     8 |     5 ||    13
         Lightning rod     |       |       |       |     1 ||     1
    Use: Scroll            |     3 |     2 |     7 |     1 ||    13
         Potion            |       |     3 |     8 |       ||    11
   Stab: Sleeping          |       |     1 |     1 |       ||     2
 Armour: Skin              |    19 |   112 |   317 |    18 ||   466
  Dodge: Dodged            |    19 |    77 |   190 |    16 ||   302
  Block: Other             |     5 |    22 |       |       ||    27
         Buckler           |       |    44 |   273 |     8 ||   325
         Reflection        |       |       |     3 |       ||     3
